 Dungeon Crawl Stone Soup version 0.30-a0-1112-gfb780f5df6 (webtiles) character file.

Game seed: 16031585030392215675

1762 pokedragonboy the Destroyer (level 8, 0/61 HPs)
             Began as a Deep Elf Conjurer on Apr 14, 2023.
             Was a Follower of Sif Muna.
             Killed from afar by a steam dragon (10 damage)
             ... with a ball of steam
             ... on level 7 of the Dungeon on Apr 19, 2023.
             The game lasted 00:20:41 (7289 turns).

pokedragonboy the Destroyer (Deep Elf Conjurer)     Turns: 7289, Time: 00:20:41

Health: 0/61       AC: 24    Str:  4    XL:     8   Next: 79%
Magic:  20/20      EV:  2    Int: 26    God:    Sif Muna [*.....]
Gold:   275        SH:  3    Dex: 13    Spells: 5/21 levels left

rFire   . . .      SeeInvis .    y - +5 falchion (freeze)
rCold   + . .      Faith    .    c - +0 buckler
rNeg    . . .      Spirit   .    a - melded +1 robe
rPois   +          Reflect  .    v - melded +0 helmet
rElec   .          Rampage  .    e - melded +0 cloak
rCorr   .          NoTele   +    (gloves currently unavailable)
Will    .....                    (boots currently unavailable)
Stlth   ++                       (no amulet)
HPRegen 0.30/turn                d - ring of protection from cold
MPRegen 0.17/turn                h - ring of wizardry

@: tree-form
A: stationary, stasis, torment immunity, boosted hp
a: Renounce Religion, Channel Magic


You were on level 7 of the Dungeon.
You worshipped Sif Muna.
Sif Muna was aware of your devotion.
You were a tree.
You visited 2 branches of the dungeon, and saw 8 of its levels.

You collected 275 gold pieces.

Inventory:

Hand Weapons
 k - a +2 short sword of protection
 y - a +5 falchion of freezing (weapon)
Armour
 a - a +1 robe (melded)
 c - a +0 buckler (worn)
 e - a +0 cloak (melded)
 v - a +0 helmet (melded)
Magical Staves
 o - a staff of cold
Jewellery
 d - a ring of protection from cold (left branch)
 h - a ring of wizardry (right branch)
Wands
 n - a wand of paralysis (10)
 s - a wand of flame (15)
 t - a wand of roots (12)
Scrolls
 g - a scroll of magic mapping
 l - 2 scrolls of enchant armour
 q - 2 scrolls of noise
Potions
 b - 3 potions of magic
 f - a potion of ambrosia {unknown}
 i - a potion of flight
 j - 2 potions of lignification
 m - a potion of attraction {unknown}
 p - a potion of curing
 r - 2 potions of cancellation
 u - a potion of might {unknown}
 w - 2 potions of haste


   Skills:
 - Level 2.4 Dodging
 - Level 2.4 Stealth
 + Level 7.2 Spellcasting
 * Level 9.1 Conjurations
 + Level 6.4 Hexes
 + Level 5.3 Invocations


You had 5 spell levels left.
You knew the following spells:

 Your Spells              Type           Power      Damage    Failure   Level
a - Magic Dart            Conj           100%       1d8       1%          1
b - Searing Ray           Conj           100%       2d8       1%          2
c - Fulminant Prism       Conj/Hex       24%        3d12      1%          4
d - Iskenderun's Mystic   Conj/Tloc      33%        2d8       5%          4
e - Iskenderun's Battles  Conj           54%        2d10      2%          5

Your spell library contained the following spells:

 Spells                   Type           Power      Damage    Failure   Level
 Dazzling Flash           Conj/Hex       98%        N/A       1%          3
 Lesser Beckoning         Tloc           18%        N/A       5%          2
 Gell's Gravitas          Tloc           9%         N/A       11%         3
 Teleport Other           Tloc           9%         N/A       11%         3
 Iron Shot                Conj/Erth      16%        9d4       58%         6
 Spellforged Servitor     Conj/Summ      16%        N/A       98%         7


Dungeon Overview and Level Annotations

Branches:
Dungeon (7/15)             Temple (1/1) D:5

Altars:
Ashenzari
Cheibriados
Dithmenos
Elyvilon
Fedhas
Gozag
Hepliaklqana
Kikubaaqudgha
Makhleb
Nemelex Xobeh
Okawaru
Qazlal
Ru
Sif Muna
Trog
Uskayaw
Vehumet
Wu Jian
Xom
Yredelemnul
Zin
The Shining One


Message History

The roots release their grip on the hornet.
The steam dragon breathes steam at you. The ball of steam hits you!!
Ouch! That really hurt!
* * * LOW HITPOINT WARNING * * *
Unknown command.
Okay, then.
You feel better.
You are engulfed in a cloud of scalding steam.
* * * LOW HITPOINT WARNING * * *
Okay, then.
Really quaff the potion of lignification? [Y]es or [N]o only, please.
Really quaff the potion of lignification?
Really become a tree while standing in a cloud of steam?
You turn into a tree.
Your +0 cloak melds into your body.
Your +0 helmet melds into your body.
Your +1 robe melds into your body.
Your roots penetrate the ground.
You are engulfed in a cloud of scalding steam.
You feel less invigorated.
An ogre comes into view. It is wielding a +0 giant spiked club.
The steam dragon bites you.
* * * LOW HITPOINT WARNING * * *
The steam dragon claws you but does no damage.
You feel better.
You are engulfed in a cloud of scalding steam.
* * * LOW HITPOINT WARNING * * *
The hornet is engulfed in a cloud of scalding steam.
You block the hornet's attack.
The steam dragon bites you but does no damage.
The steam dragon claws you but does no damage.
The hornet is engulfed in a cloud of scalding steam.
The hornet stings you but does no damage.
You feel better.
You are engulfed in a cloud of scalding steam.
* * * LOW HITPOINT WARNING * * *
The hornet completely misses you. The steam dragon breathes steam at you.
The ball of steam hits you!
You die...

#.####
#....###
#...(...
##.O..#
#....#
##....##
##..##..# #
##y####..##
#### ##♣##
##..#####.).
#.D#
#.........)
#.##
#########..
#.# ### #.#
#.# #.# #.#
..#


You could see a hornet, a steam dragon (catching breath) and an ogre.

Vanquished Creatures
  A sky beast (D:6)
  An ogre (D:5)
  A centaur (D:6)
  A phantom (D:6)
  A kobold brigand (D:7)
  A bullfrog (D:7)
  4 scorpions
  4 wights (D:6)
  4 killer bees (D:5)
  A howler monkey (D:7)
  3 jellies
  2 hounds
  A gnoll bouda (D:5)
  An orc priest (D:4)
  3 iguanas
  4 sleepcaps
  Jessica (D:2)
  2 orc wizards
  3 gnolls (D:5)
  3 adders
  An ufetubus (D:6)
  2 worms
  A dart slug (D:4)
  14 orcs
  3 bats
  7 endoplasms
  A giant cockroach (D:4)
  6 goblins
  4 hobgoblins
  3 jackals (D:3)
  4 quokkas
  5 ball pythons
  15 frilled lizards
  10 kobolds
  5 rats (D:1)
123 creatures vanquished.

Vanquished Creatures (others)
  7 fulminant prisms
  8 plants (D:5)
15 creatures vanquished.

Grand Total: 138 creatures vanquished

Notes
Turn   | Place    | Note
-------+----------+-------------------------------------------
     0 | D:1      | pokedragonboy the Deep Elf Conjurer began the quest for the
                  | Orb.
     0 | D:1      | Reached XP level 1. HP: 10/10 MP: 6/6
   502 | D:1      | Reached XP level 2. HP: 8/15 MP: 8/8
   508 | D:1      | Learned a level 2 spell: Searing Ray
   677 | D:1      | Reached skill level 1 in Hexes
  1125 | D:2      | Reached skill level 1 in Invocations
  1301 | D:2      | Found a faded altar of an unknown god.
  1389 | D:2      | Noticed Jessica
  1394 | D:2      | Killed Jessica
  1395 | D:2      | Reached skill level 5 in Conjurations
  1395 | D:2      | Reached XP level 3. HP: 9/19 MP: 6/10
  1916 | D:3      | Reached XP level 4. HP: 24/24 MP: 9/11
  2517 | D:3      | Upgraded the game from 0.30-a0-1075-gcd70e7a56d to
                  | 0.30-a0-1112-gfb780f5df6
  2522 | D:3      | Learned a level 4 spell: Fulminant Prism
  3055 | D:4      | Reached XP level 5. HP: 28/28 MP: 4/13
  3752 | D:4      | Noticed an orc warrior
  3771 | D:4      | Reached skill level 6 in Conjurations
  4230 | D:5      | Entered Level 5 of the Dungeon
  4273 | D:5      | Reached XP level 6. HP: 32/32 MP: 7/15
  4546 | D:5      | Reached skill level 5 in Spellcasting
  4548 | D:5      | Reached XP level 7. HP: 21/36 MP: 5/16
  4733 | D:5      | Found a staircase to the Ecumenical Temple.
  4752 | Temple   | Entered the Ecumenical Temple
  5088 | Temple   | Became a worshipper of Sif Muna the Loreminder
  5270 | D:5      | Reached skill level 7 in Conjurations
  5656 | D:5      | Learned a level 4 spell: Iskenderun's Mystic Blast
  5662 | D:5      | Learned a level 5 spell: Iskenderun's Battlesphere
  5857 | D:6      | Reached * piety under Sif Muna
  6071 | D:6      | Reached skill level 5 in Hexes
  6131 | D:6      | Reached XP level 8. HP: 41/41 MP: 12/19
  6283 | D:6      | Reached skill level 8 in Conjurations
  6900 | D:6      | Found a bloodstained altar of Trog.
  6930 | D:6      | Found a sacrificial altar of Ru.
  6985 | D:7      | Reached skill level 5 in Invocations
  7131 | D:7      | Reached skill level 9 in Conjurations
  7281 | D:7      | Noticed a hornet
  7289 | D:7      | Killed from afar by a steam dragon

Illustrated notes

Levels and vault maps discovered:
D:1:      onia_arrival_handbag, layout_basic, serial_park_tiny_pond,
          chequers_serial_rivers_small_a, st_stairs_5,
          chequers_serial_rivers_marsh, kennysheep_decorative_pillar,
          hangedman_decor_points, chequers_serial_rivers_small_b,
          minmay_misc_feat_chi
D:2:      layout_loops_ring, shapermc_ecumenical_altar_totnotflames,
          uniq_jessica
D:3:      layout_loops_cross, chequers_big_river
D:4:      layout_loops_ring, lightli_corner_chamber
D:5:      layout_basic, minmay_temple_entry_statues_pillars,
          grunt_decor_mini_mirrors, minmay_lizard_king
D:6:      layout_rooms, mainiacjoe_overflow_two_lobes, corexii_hall_statues_l,
          minmay_misc_feat_ornament, minmay_between
D:7:      layout_layer_cave
Temple:   mainiacjoe_temple_cubbyholes

Skill      XL: |  1  2  3  4  5  6  7  8 |
---------------+-------------------------+-----
Hexes          | 1 2 3 4 5 6 |  6.4
Invocations    | 1 2 3 4 5 |  5.3
Conjurations   | 5 6 7 9 |  9.1
Spellcasting   | 4 5 6 7 |  7.2
Dodging        | |  2.4
Stealth        | |  2.4

Action                     |  1- 3 |  4- 6 |  7- 9 || total
---------------------------+-------+-------+-------++-------
  Melee: Short sword       |    37 |    19 |       ||    56
         Falchion          |       |       |     1 ||     1
         Spear             |       |       |     1 ||     1
   Cast: Magic Dart        |    20 |    52 |    37 ||   109
         Searing Ray       |     2 |    21 |    32 ||    55
         Fulminant Prism   |       |       |     7 ||     7
 Invoke: Channel Magic     |       |       |     1 ||     1
  Evoke: Wand              |       |       |     1 ||     1
    Use: Scroll            |       |    12 |     5 ||    17
         Potion            |       |     2 |     5 ||     7
   Stab: Sleeping          |     5 |     1 |       ||     6
 Armour: Robe              |     8 |    19 |     5 ||    32
         Skin              |       |       |     5 ||     5
  Dodge: Dodged            |    16 |    30 |    22 ||    68
  Block: Buckler           |     4 |     9 |     5 ||    18

Table legend: (Time is in decaauts)
 A = Elapsed time spent in this place.
 B = Non-inter-level travel time spent in this place.
 C = Inter-level travel time spent in this place.
 D = Time resting spent in this place.
 E = Time spent auto-exploring this place.
 F = Levels seen in this place.
 G = Mean time per level.
                   A        B        C        D        E       F      G
               +--------+--------+--------+--------+--------+-----+--------+
         Total |   7304 |   7010 |    294 |   1113 |   4985 |   8 |  913.0 |
       Dungeon |   6937 |   6706 |    231 |   1113 |   4682 |   7 |  991.0 |
        Temple |    367 |    304 |     63 |      0 |    303 |   1 |  367.0 |
               +--------+--------+--------+--------+--------+-----+--------+

Top non-repeatable levels by time:
     D:4: 1369 daAuts
     D:5: 1255 daAuts
     D:6: 1126 daAuts
     D:3: 1056 daAuts
     D:1: 1020 daAuts
     D:2: 801 daAuts
  Temple: 367 daAuts
     D:7: 308 daAuts
